 Dungeon Crawl Stone Soup version 0.30-a0-1103-g25895a7845 (webtiles) character file.

Game seed: 11700296092143716052

1218 jasper the Cudgeller (level 8, -1/79 HPs)
             Began as a Troll Delver on Apr 18, 2023.
             Slain by an orc warrior
             ... wielding a +0 trident
              (11 damage)
             ... on level 6 of the Dungeon.
             The game lasted 00:06:57 (3086 turns).

jasper the Cudgeller (Troll Delver)                 Turns: 3086, Time: 00:06:58

Health: -1/79      AC:  5    Str: 23    XL:     8   Next: 22%
Magic:  7/7        EV: 11    Int:  6    God:
Gold:   164        SH:  0    Dex: 11    Spells: 7/7 levels left

rFire   . . .      SeeInvis .    i - +0 flail
rCold   . . .      Faith    .    f - orb {light}
rNeg    . . .      Spirit   .    b - +0 robe
rPois   .          Reflect  .    (helmet restricted)
rElec   .          Rampage  .    p - +0 cloak
rCorr   .                        (gloves unavailable)
Will    .....                    (boots unavailable)
Stlth   +                        (no amulet)
HPRegen 1.13/turn                (no ring)
MPRegen 0.10/turn                (no ring)

@: mighty, glowing
A: large, unfitting armour, claws 3, regeneration 1, shaggy fur 1, tough skin 1
a: no special abilities


You were on level 6 of the Dungeon.
You visited 1 branch of the dungeon, and saw 6 of its levels.

You collected 164 gold pieces.

Inventory:

Hand Weapons
 a - a +0 hand axe
 h - a +0 whip
 i - a +0 flail (weapon)
 t - a +0 giant club
Armour
 b - a +0 robe (worn)
 f - an orb of light (worn)
 p - a +0 cloak (worn)
Wands
 g - a wand of digging (3)
Scrolls
 c - a scroll of fog
 d - a scroll of magic mapping
 e - 3 scrolls of fear
 n - a scroll of immolation {unknown}
 v - a scroll of identify
Potions
 j - a potion of curing {unknown}
 k - a potion of might
 l - 2 potions of magic {unknown}
 m - 2 potions of heal wounds {unknown}
 o - 3 potions of flight
 q - a potion of mutation {unknown}
 r - 2 potions of brilliance {unknown}
 s - a potion of attraction {unknown}
 u - a potion of degeneration {unknown}


   Skills:
 + Level 4.7 Fighting
 - Level 1.5(3.9) Axes
 * Level 6.2(6.4) Maces & Flails
 + Level 4.3 Dodging
 - Level 2.7 Stealth


You had 7 spell levels left.
You didn't know any spells.
Your spell library contained the following spells:

 Spells                   Type           Power      Damage    Failure   Level
 Blink                    Tloc           0%         N/A       58%         2
 Ensorcelled Hibernation  Hex/Ice        0%         N/A       58%         2
 Lesser Beckoning         Tloc           0%         N/A       58%         2
 Momentum Strike          Conj/Tloc      0%         3d8       58%         2
 Spider Form              Tmut/Pois      0%         N/A       83%         3
 Anguish                  Hex/Necr       0%         N/A       99%         4


Dungeon Overview and Level Annotations

Branches:
Dungeon (6/15)
 Temple: D:4-7

Altars:

Shops:
D:2 [   D:5 (


Innate Abilities, Weirdness & Mutations

You are too large for most types of armour.
You have claws for hands.
Your natural rate of healing is unusually fast.
You are covered in fur. (AC +1)
You have tough skin. (AC +1)


Message History

The orc warrior hits you from afar with a +0 trident.
You take 7 damage, and have 54/79 hp.
You hit the orc priest but do no damage.
The orc priest is heavily wounded.
The orc priest barely misses you.
The orc warrior hits you from afar with a +0 trident.
You take 5 damage, and have 49/79 hp.
You barely miss the orc priest.
The orc priest is heavily wounded.
The orc priest hits you with a +0 club. The orc warrior barely misses you.
You take 3 damage, and have 46/79 hp.
You sock the orc priest!
You kill the orc priest!
The orc warrior hits you from afar with a +0 trident.
You take 5 damage, and have 41/79 hp.
An orc comes into view. It is wielding a +0 short sword.
The orc warrior hits you with a +0 trident!
Items here: )) [ ††.
You take 8 damage, and have 33/79 hp.
You barely miss the orc warrior.
The orc warrior hits you with a +0 trident!
You take 6 damage, and have 27/79 hp.
The orc shouts!
You hit the orc warrior but do no damage.
The orc warrior hits you with a +0 trident.
* * * LOW HITPOINT WARNING * * *
You take 4 damage, and have 23/79 hp.
You hit the orc warrior.
The orc warrior is lightly wounded.
The orc warrior hits you with a +0 trident!
* * * LOW HITPOINT WARNING * * *
You take 8 damage, and have 15/79 hp.
You feel very mighty all of a sudden.
The orc warrior hits you with a +0 trident!
* * * LOW HITPOINT WARNING * * *
You take 7 damage, and have 8/79 hp.
You barely miss the orc warrior.
The orc warrior is lightly wounded.
The orc warrior hits you with a +0 trident!
You die...

#.# #.#
########.#.##.....######
#.# #.#
#######.###...........
#.# #.#
#.......###....#######
#.# #.# ..............##
#.# #.# #.#########.###
#.# #(# #.## #.# #..#
#.###########.# ##.#
#...ooo@....#.# #.#
###########...# #.#
#..># #.# #...# ##.#
#..## #..# #..# #.##
#..# #.# #..# #.#
####### #.>#


You could see an orc warrior and 2 orcs.

Vanquished Creatures
  2 ice beasts (D:6)
  An ogre (D:5)
  A phantom (D:4)
  5 scorpions
  A jelly (D:5)
  4 orc priests (D:6)
  4 iguanas
  7 orc wizards
  2 adders
  A white imp (D:5)
  An ufetubus (D:5)
  A worm (D:4)
  5 dart slugs
  22 orcs
  10 ball pythons
  8 endoplasms
  2 giant cockroaches
  6 hobgoblins
  10 jackals
  4 quokkas
  7 bats
  3 frilled lizards
  3 goblins
  4 kobolds
  9 rats
123 creatures vanquished.

Notes
Turn   | Place    | Note
-------+----------+-------------------------------------------
     0 | D:5      | jasper the Troll Delver began the quest for the Orb.
     0 | D:5      | Reached XP level 1. HP: 22/22 MP: 0/0
    16 | D:5      | Noticed a jelly
    16 | D:5      | Noticed a scorpion
    92 | D:4      | Noticed an orc wizard
   117 | D:4      | Noticed a phantom
   131 | D:3      | Noticed an orc wizard
   141 | D:2      | Reached skill level 1 in Maces & Flails
   141 | D:2      | Reached XP level 2. HP: 26/29 MP: 1/1
   307 | D:2      | Found Veoruses's Antique Armour Boutique.
   393 | D:1      | Reached XP level 3. HP: 33/36 MP: 2/2
   642 | D:1      | Reached skill level 2 in Maces & Flails
  1255 | D:3      | Reached XP level 4. HP: 41/44 MP: 3/3
  1535 | D:4      | Killed a phantom
  1536 | D:4      | Reached skill level 3 in Maces & Flails
  1536 | D:4      | Reached XP level 5. HP: 53/53 MP: 4/4
  2121 | D:5      | Reached XP level 6. HP: 14/61 MP: 5/5
  2242 | D:5      | Reached skill level 4 in Maces & Flails
  2481 | D:5      | Found Qemigita's Weapon Emporium.
  2544 | D:5      | Reached XP level 7. HP: 68/68 MP: 6/6
  2679 | D:5      | Reached skill level 5 in Maces & Flails
  2913 | D:6      | Reached XP level 8. HP: 48/79 MP: 7/7
  2972 | D:6      | Reached skill level 6 in Maces & Flails
  3086 | D:6      | Slain by an orc warrior

Illustrated notes

Levels and vault maps discovered:
D:1:      minmay_arrival_shattered_statue, layout_rooms, minmay_pentomino_z4
D:2:      layout_rooms, serial_shops, nicolae_shop_waterfront,
          ebering_dispersal_statue_hall, roderic_serpentine_path, corexii_shack,
          grunt_ministairs_12
D:3:      layout_rooms
D:4:      layout_rooms, corexii_corridor_pit
D:5:      layout_basic, serial_shops, nicolae_shop_stone, grunt_ministairs_3,
          st_stairs_9
D:6:      layout_loops_ring, minmay_temple_entry_offerings

Skill      XL: |  1  2  3  4  5  6  7  8 |
---------------+-------------------------+-----
Maces & Flails | 1 2 3 4 5 6 |  6.2
Dodging        | 2 3 4 |  4.3
Fighting       | 3 4 |  4.7
Axes           | |  1.5
Stealth        | |  2.7

Action                     |  1- 3 |  4- 6 |  7- 9 || total
---------------------------+-------+-------+-------++-------
  Melee: Flail             |   157 |   137 |   103 ||   397
         Punch             |     3 |     1 |       ||     4
         Unarmed           |     1 |    20 |       ||    21
    Use: Potion            |     2 |     1 |     1 ||     4
         Scroll            |     6 |     2 |       ||     8
   Stab: Sleeping          |     4 |     1 |       ||     5
 Armour: Robe              |   117 |    56 |    17 ||   190
         Skin              |       |    12 |       ||    12
  Dodge: Dodged            |   159 |    79 |    32 ||   270

Table legend: (Time is in decaauts)
 A = Elapsed time spent in this place.
 B = Non-inter-level travel time spent in this place.
 C = Inter-level travel time spent in this place.
 D = Time resting spent in this place.
 E = Time spent auto-exploring this place.
 F = Levels seen in this place.
 G = Mean time per level.
                   A        B        C        D        E       F      G
               +--------+--------+--------+--------+--------+-----+--------+
         Total |   3166 |   3058 |    108 |     85 |   1844 |   6 |  527.7 |
       Dungeon |   3166 |   3058 |    108 |     85 |   1844 |   6 |  527.7 |
               +--------+--------+--------+--------+--------+-----+--------+

Top non-repeatable levels by time:
     D:5: 813 daAuts
     D:4: 620 daAuts
     D:1: 519 daAuts
     D:2: 515 daAuts
     D:3: 411 daAuts
     D:6: 285 daAuts
